 Dungeon Crawl Stone Soup version 0.28.0-53-g5a82cb258f (webtiles) character file.

Game seed: 3552615380170323703

29 Infinimo the Cudgeller (level 3, 37/37 HPs)
             Began as an Ogre Gladiator on May 28, 2022.
             Got out of the dungeon alive.
             The game lasted 00:00:53 (1058 turns).

Infinimo the Cudgeller (Ogre Gladiator)             Turns: 1058, Time: 00:00:54

Health: 37/37      AC:  3    Str: 18    XL:     3   Next: 16%
Magic:  3/3        EV: 10    Int: 11    God:
Gold:   21         SH:  0    Dex: 10    Spells: 2/2 levels left

rFire   . . .      SeeInvis .   a - +0 flail
rCold   . . .      Faith    .   (no shield)
rNeg    . . .      Spirit   .   b - +0 robe
rPois   .          Reflect  .   c - +0 hat
rElec   .          Harm     .   (no cloak)
rCorr   .          Rampage  .   (gloves unavailable)
Will    .....                   (boots unavailable)
Stlth   +.........              (no amulet)
HPRegen 0.12/turn               (no ring)
MPRegen 0.08/turn               (no ring)

@: no status effects
A: large, unfitting armour, tough skin 1
a: no special abilities


You escaped.
You visited 1 branch of the dungeon, and saw 1 of its levels.

You collected 21 gold pieces.

Inventory:

Hand Weapons
 a - a +0 flail (weapon)
Missiles
 d - 3 throwing nets (quivered)
Armour
 b - a +0 robe (worn)
 c - a +0 hat (worn)
Jewellery
 i - a +6 ring of dexterity
Scrolls
 g - 3 scrolls of teleportation {unknown}
 h - a scroll of identify {unknown}
Potions
 e - a potion of mutation {unknown}
 f - a potion of might {unknown}
 j - a potion of invisibility {unknown}


   Skills:
 + Level 3.4 Fighting
 * Level 3.5 Maces & Flails
 - Level 2.0 Throwing
 - Level 2.6 Dodging


You had 2 spell levels left.
You didn't know any spells.
Your spell library was empty.

Dungeon Overview and Level Annotations

Branches:
Dungeon (1/15)

Altars:


Innate Abilities, Weirdness & Mutations

You are too large for most types of armour.
You have tough skin. (AC +1)


Message History

No target in view!
No target in view!
No target in view!
No target in view!
No target in view!
No target in view!
No target in view!
No target in view!
No target in view!
No target in view!
You open the door.
There is an open door here.
You now have 21 gold pieces (gained 6).
Key pressed, stopping explore.
You enter the shallow water.
Moving in this stuff is going to be slow.
A hobgoblin comes into view.
The hobgoblin shouts!
A hobgoblin is nearby!
A hobgoblin is nearby!
You enter the shallow water.
Moving in this stuff is going to be slow.
You hit the hobgoblin.
The hobgoblin is almost dead.
The hobgoblin closely misses you.
You sock the hobgoblin!
You kill the hobgoblin!
No target in view!
You enter the shallow water.
Moving in this stuff is going to be slow.
Partly explored, can't reach some places.
Partly explored, can't reach some places.
Partly explored, can't reach some places.
You open the door.
There is an open door here.
There is a staircase leading out of the dungeon here.
Are you sure you want to leave the Dungeon?
This will make you lose the game!
Alright, then stay!
Are you sure you want to leave the Dungeon?
This will make you lose the game!
You have escaped!

#...........#..#.#.#.#.#..#
#...........##'#.###.....##
...........###.....#######
..######...##.......##
....# #####.........###
#...# ##...........'# #...#
#.............# #...#
#.............# #...#
#......@......# +...#
#.............# #...#
#.............# #...#
###...........## #...#
#.##.........'# ....#
#.###.......### ....#
#.##'#.....## ....###
#....##...## #.....#
####.###.##


There were no monsters in sight!

Vanquished Creatures
  2 bats (D:1)
  4 endoplasms (D:1)
  3 giant cockroaches (D:1)
  3 goblins (D:1)
  2 hobgoblins (D:1)
  4 kobolds (D:1)
  A quokka (D:1)
  A frilled lizard (D:1)
  4 rats (D:1)
24 creatures vanquished.

Notes
Turn   | Place    | Note
-------+----------+-------------------------------------------
     0 | D:1      | Infinimo the Ogre Gladiator began the quest for the Orb.
     0 | D:1      | Reached XP level 1. HP: 22/22 MP: 1/1
    70 | D:1      | Found a faded altar of an unknown god.
   285 | D:1      | Reached XP level 2. HP: 15/31 MP: 2/2
   781 | D:1      | Reached XP level 3. HP: 37/37 MP: 3/3
  1058 | D:$      | Got out of the dungeon alive.

Illustrated notes

Levels and vault maps discovered:
D:1:      lemuel_arrival_rhombus, layout_basic, serial_rivers,
          chequers_serial_rivers_marsh, chequers_serial_rivers_small_3,
          chequers_serial_rivers_micro_e, chequers_serial_rivers_room_b,
          chequers_serial_rivers_micro_a, chequers_serial_rivers_micro_e,
          hellmonk_ecumenical_altar_lost_god

Skill      XL: |  1 |
---------------+----+-----
Fighting       | 3 |  3.4
Maces & Flails | 3 |  3.5
Throwing       | |  2.0
Dodging        | |  2.6

Action                   || total
-------------------------++-------
Melee: Flail             ||    54
       Punch             ||     1
Armor: Robe              ||    16
Dodge: Dodged            ||    30
